AoeStats
← thinker

Highland

503888410Analyzed
4v4 RM · 29d ago on Sep 2, 2026· 51m 11s· 8 players
Game mode
Random Map
Map size
Large (8 player)
Population
200
Speed
Normal
Resources
Standard
Victory
Conquest
Starting age
Dark Age
Ending age
Imperial Age
RankedLock teamsTeams togetherTeam positionsShared explorationLock speedFull tech treeHidden civsTurbo modeCheats
Victory
Defeat
🇲🇽 Goths · Mexico
970
+12
🇲🇽 Bulgarians · Mexico
870
+16
🇲🇽 Franks · Mexico
816
+19
🇲🇽 Spanish · Mexico
772
+21
🇨🇳 Khmer · China
923
-19
🇮🇳 Poles · India
907
-18
🇮🇹 Britons · Italy
847
-16
🇻🇳 Inca · Vietnam
837
-15
~Giulia~
0:30 Loom
11:12 Feudal Age
11:38 Double-Bit Axe
11:40 Horse Collar
12:16 Town Watch
20:16 Castle Age
18:46 Fletching
19:59 Gold Mining
20:07 Stone Mining
20:29 Crossbowman
22:37 Bow Saw
25:39 Wheelbarrow
25:07 Padded Archer Armor
25:03 Bodkin Arrow
26:31 Heavy Plow
26:57 Murder Holes
34:36 Imperial Age
31:53 Treadmill Crane
36:53 Ballistics
36:46 Masonry
38:23 Warwolf
39:30 Bracer
40:12 Leather Archer Armor
44:17 Yeomen
44:53 Ring Archer Armor
47:23 Hoardings
48:37 Hoardings
thinker
3:44 Loom
11:31 Feudal Age
17:02 Castle Age
17:41 Double-Bit Axe
19:09 Horse Collar
19:56 Bow Saw
23:28 Heavy Plow
23:21 Stone Mining
23:24 Gold Mining
27:35 Wheelbarrow
32:02 Imperial Age
29:19 Pikeman
30:56 Scale Mail Armor
32:21 Hand Cart
32:25 Forging
32:10 Halberdier
34:25 Iron Casting
34:07 Chain Mail Armor
34:19 Husbandry
34:30 Bloodlines
35:40 Scale Barding Armor
37:44 Blast Furnace
37:21 Conscription
PAPA VIPER
0:44 Loom
11:13 Feudal Age
15:43 Castle Age
14:04 Double-Bit Axe
16:45 Horse Collar
22:47 Heavy Plow
22:36 Town Watch
24:54 Wheelbarrow
25:47 Heavy Plow
26:43 Fletching
31:06 Imperial Age
GANADO
12:31 Feudal Age
18:14 Castle Age
16:34 Double-Bit Axe
16:35 Horse Collar
17:08 Stone Mining
17:49 Gold Mining
23:22 Heavy Plow
30:36 Wheelbarrow
32:32 Imperial Age
29:48 Loom
33:13 Forging
33:03 Scale Mail Armor
33:46 Capped Ram
34:51 Elite Kamayuk
36:43 Squires
37:12 Padded Archer Armor
37:02 Fletching
37:28 Chain Mail Armor
43:07 Leather Archer Armor
44:53 Fabric Shields
44:54 Andean Sling
46:11 Thumb Ring
47:06 Ring Archer Armor
46:32 Bodkin Arrow
50:00 Iron Casting
49:25 Bracer
49:56 Plate Mail Armor
51:12 Conscription
ROMA
0:28 Loom
12:15 Feudal Age
13:11 Double-Bit Axe
14:33 Wheelbarrow
15:02 Fishing Lines
22:28 Castle Age
20:45 Horse Collar
21:52 Forging
21:43 Scale Mail Armor
21:49 Scale Barding Armor
21:37 Gold Mining
26:16 Stone Mining
26:31 Arson
26:47 Squires
29:12 Stirrups
34:24 Hand Cart
35:46 Heavy Plow
35:42 Pikeman
41:33 Imperial Age
40:41 Iron Casting
40:22 Chain Mail Armor
40:27 Chain Barding Armor
43:25 Elite Konnik
48:52 Conscription
lalopm9
0:44 Loom
14:48 Feudal Age
15:37 Double-Bit Axe
19:34 Horse Collar
21:11 Wheelbarrow
20:51 Gold Mining
30:51 Castle Age
29:04 Stone Mining
31:25 Bloodlines
32:03 Scale Barding Armor
32:55 Light Cavalry
33:35 Husbandry
36:40 Hand Cart
38:36 Chain Barding Armor
43:54 Bow Saw
44:24 Stone Shaft Mining
47:54 Ballistics
47:46 Fortified Wall
47:32 Murder Holes
53:49 Imperial Age
richi_maron_90
13:03 Feudal Age
18:00 Loom
17:58 Man-at-Arms
29:43 Castle Age
28:32 Double-Bit Axe
34:17 #83
36:58 Imperial Age
35:04 Wheelbarrow
36:03 Husbandry
39:56 Pikeman
40:36 Squires
40:22 Arson
40:11 Long Swordsman
42:35 Two-Handed Swordsman
46:24 Hand Cart
46:23 Bow Saw
47:03 Conscription
47:29 Chivalry
47:12 Cavalier
47:14 Light Cavalry
49:03 Gambesons
49:55 Elite Throwing Axeman
50:25 Champion
Alexitobb
11:37 Feudal Age
16:17 Castle Age
14:40 Double-Bit Axe
16:02 Horse Collar
20:15 Heavy Plow
21:35 Loom
22:43 Bow Saw
25:21 Wheelbarrow
26:05 Scale Mail Armor
30:19 Chain Mail Armor
32:35 Fletching
34:37 Padded Archer Armor
35:52 Forging
35:38 Bodkin Arrow
35:59 Leather Archer Armor
36:49 Iron Casting
39:36 Gold Mining
40:00 Anarchy
42:09 Hand Cart
48:25 Imperial Age
47:14 Stone Mining
49:26 Conscription
49:32 Conscription
49:13 Perfusion
48:52 Elite Huskarl
50:40 Blast Furnace
51:10 Bracer
51:47 Ring Archer Armor
Connection lost

Rejoining the realm…

Still unreachable

The connection could not be restored.

Session expired

The server has moved on; the page needs a fresh start.